 Dungeon Crawl Stone Soup version 0.25-a0-632-g7713895373 (webtiles) character file.

Game seed: 1656600938840637622, levelgen mode: deterministic

39 kae the Insei (level 3, 0/29 HPs)
             Began as a Demonspawn Monk on Mar 19, 2020.
             Succumbed to an adder's poison
             ... on level 2 of the Dungeon.
             The game lasted 00:02:19 (1318 turns).

kae the Insei (Demonspawn Monk)                     Turns: 1318, Time: 00:02:19

Health: 0/29       AC:  3    Str: 12    XL:     3   Next: 28%
Magic:  3/3        EV: 13    Int: 11    God:
Gold:   49         SH:  0    Dex: 15    Spells: 2/2 levels left

rFire    . . .     SeeInvis .     - Unarmed
rCold    . . .     Gourm    .   (no shield)
rNeg     . . .     Faith    .   a - +1 robe
rPois    .         Spirit   .   (no helmet)
rElec    .         Reflect  .   (no cloak)
rCorr    .         Harm     .   (no gloves)
MR       .....                  (no boots)
Stlth    ++........             (no amulet)
HPRegen  0.09/turn              (no ring)
MPRegen  0.08/turn              (no ring)

@: lethally poisoned (0 -> -8)
A: powered by pain 1
a: no special abilities


You were on level 2 of the Dungeon.
You were not hungry.

You visited 1 branch of the dungeon, and saw 2 of its levels.

You collected 49 gold pieces.

Inventory:

Armour
 a - a +1 robe (worn)
Scrolls
 e - 2 scrolls of teleportation
Potions
 c - a potion of curing
 d - a potion of heal wounds {unknown}
 f - a potion of resistance {unknown}
Comestibles
 b - 4 rations


   Skills:
 + Level 3.4 Fighting
 - Level 2.6 Dodging
 - Level 1.7 Stealth
 * Level 3.6 Unarmed Combat


You had 2 spell levels left.
You didn't know any spells.
Your spell library was empty.

Dungeon Overview and Level Annotations

Branches:
Dungeon (2/15)

Altars:


Innate Abilities, Weirdness & Mutations

You sometimes gain a little power by taking damage.


Message History

You are too injured to fight recklessly!
You closely miss the adder.
You feel sick. The adder bites you.
You barely miss the adder. The adder bites you but does no damage.
The adder closely misses you.
You hit the adder but do no damage. The adder barely misses you.
You miss the adder. The adder bites you.
* * * LOW HITPOINT WARNING * * *
You hit the adder.
The adder is heavily wounded.
You feel sick. The adder bites you.
* * * LOW HITPOINT WARNING * * *
You closely miss the adder.
The adder is heavily wounded.
The adder bites you but does no damage. The adder bites you.
* * * LOW HITPOINT WARNING * * *
You are more poisoned.
The adder poisons you!
You hit the adder.
The adder is severely wounded.
You die...

.............. ...
............. ....
#+#............
......#.#............
......#.#............
......#.#............
..?............S......
.........†....@.......
..........†...........
......................
.............?.......
....................#
....#........##.....#
#.. #....)...# ....[#
#. #....##### ......
#........ #...


You could see an adder.

Vanquished Creatures
  2 dart slugs (D:1)
  A ball python (D:1)
  3 giant cockroaches (D:1)
  6 goblins (D:1)
  2 hobgoblins (D:1)
  3 kobolds
  A quokka (D:2)
  7 bats (D:1)
  3 frilled lizards (D:1)
  7 rats
35 creatures vanquished.

Notes
Turn   | Place    | Note
-------+----------+-------------------------------------------
     0 | D:1      | kae the Demonspawn Monk began the quest for the Orb.
     0 | D:1      | Reached XP level 1. HP: 18/18 MP: 1/1
   196 | D:1      | Gained mutation: You sometimes gain a little power by
                  | taking damage. [demonic ancestry]
   196 | D:1      | Reached XP level 2. HP: 20/24 MP: 2/2
   975 | D:1      | Reached XP level 3. HP: 23/29 MP: 3/3
  1317 | D:2      | HP: 1/29 [adder (1)]
  1318 | D:2      | Succumbed to an adder's poison

Levels and vault maps discovered:
D:1:      dpeg_arrival_long_road, layout_basic, nrook_mini_backslash,
          minmay_cupped
D:2:      layout_basic, nicolae_ru_the_path_less_chosen, lemuel_round_altar,
          first_ration

Skill      XL: |  1 |
---------------+----+-----
Unarmed Combat | 3 |  3.6
Fighting       | |  3.4
Dodging        | |  2.6
Stealth        | |  1.7

Action                   || total
-------------------------++-------
Melee: Unarmed           ||   151
  Use: Scroll            ||     3
 Stab: Sleeping          ||     3
  Eat: Chunk             ||     1
Armor: Robe              ||    47
Dodge: Dodged            ||   127

Table legend:
 A = Non-vault XP
 B = Vault XP
 C = Vault XP percentage of total XP
 D = Non-vault monster count
 E = Vault monster count
 F = Vault count percentage of total count
                 A         B        C        D         E       F
            +---------+---------+-------+---------+---------+-------
      Total |      56 |       1 |   1.8 |      34 |       1 |   2.9
            +---------+---------+-------+---------+---------+-------
        D:1 |      51 |       1 |   1.9 |      30 |       1 |   3.2
        D:2 |       5 |       0 |   0.0 |       4 |       0 |   0.0
            +---------+---------+-------+---------+---------+-------
